 Dungeon Crawl Stone Soup version 0.27-a0-1188-g73eefd5def (webtiles) character file.

Game seed: 124175204242467494

483 Glokmah the Bolt Thrower (level 7, -16/41 HPs)
             Began as a Kobold Arcane Marksman on May 21, 2021.
             Blown up by a goblin (30 damage)
             ... with a mindburst bolt
             ... on level 4 of the Dungeon.
             The game lasted 00:13:26 (5686 turns).

Glokmah the Bolt Thrower (Kobold Arcane Marksman)   Turns: 5686, Time: 00:13:27

Health: -16/41     AC:  5    Str: 11    XL:     7   Next: 34%
Magic:  8/8        EV: 15    Int: 15    God:
Gold:   169        SH:  0    Dex: 28    Spells: 4/8 levels left

rFire    . . .     SeeInvis .   b - +0 dagger (vamp)
rCold    . . .     Faith    .   (shield restricted)
rNeg     . . .     Spirit   .   f - +1 leather armour
rPois    .         Reflect  .   (no helmet)
rElec    .         Harm     .   (no cloak)
rCorr    .         Rampage  .   m - +0 pair of gloves {Str+3}
Will     .....                  (no boots)
Stlth    +++.......             (no amulet)
HPRegen  0.13/turn              w - +6 ring of dexterity
MPRegen  0.11/turn              u - +6 ring of dexterity

@: no status effects
A: small, no large weapons, nightstalker 3
a: no special abilities


You were on level 4 of the Dungeon.
You visited 1 branch of the dungeon, and saw 5 of its levels.
You also visited: Sewer.

You collected 169 gold pieces.

Inventory:

Hand Weapons
 a - a +0 hand crossbow
 b - a +0 vampiric dagger (weapon)
 c - a +1 whip of flaming
Missiles
 d - 56 bolts
 i - 31 poisoned darts (quivered)
 k - 7 boomerangs of dispersal
Armour
 e - a +0 robe
 f - a +1 leather armour (worn)
 m - a +0 pair of gloves of strength (worn)
Jewellery
 l - a ring of flight
 t - a ring of poison resistance
 u - a +6 ring of dexterity (right hand)
 w - a +6 ring of dexterity (left hand)
Wands
 y - a wand of acid (3)
Scrolls
 g - 2 scrolls of noise
 h - a scroll of enchant armour
 p - a scroll of magic mapping
 x - a scroll of teleportation
Potions
 j - 2 potions of flight {unknown}
 n - a potion of brilliance {unknown}
 o - 3 potions of lignification {unknown}
 q - a potion of cancellation {unknown}
 s - a potion of degeneration {unknown}


   Skills:
 + Level 3.2 Fighting
 * Level 4.6 Short Blades
 * Level 5.4 Crossbows
 - Level 2.4 Dodging
 - Level 1.1 Spellcasting
 * Level 4.0 Hexes
 + Level 1.7 Fire Magic


You had 4 spell levels left.
You knew the following spells:

 Your Spells              Type           Power      Damage    Failure   Level
a - Corona                Hex            14%        N/A       6%          1
b - Inner Flame           Hex/Fire       9%         N/A       28%         3

Your spell library contained the following spells:

 Spells                   Type           Power      Damage    Failure   Level
 Slow                     Hex            13%        N/A       9%          2
 Animate Skeleton         Necr           0%         N/A       32%         1
 Apportation              Tloc           0%         N/A       32%         1
 Summon Small Mammal      Summ           0%         N/A       32%         1
 Portal Projectile        Hex/Tloc       12%        N/A       38%         3
 Cause Fear               Hex            6%         N/A       52%         4
 Leda's Liquefaction      Hex/Erth       3%         N/A       80%         4


Dungeon Overview and Level Annotations

Branches:
Dungeon (5/15)              Sewer (visited)
 Temple: D:4-7

Altars:
The Shining One


Innate Abilities, Weirdness & Mutations

You are small and have problems with some larger weapons.
You are completely attuned to the shadows.


Message History

You shoot a bolt. The bolt hits the black bear!
The black bear is heavily wounded.
The black bear bites you but does no damage.
The black bear closely misses you. The black bear barely misses you.
The black bear closely misses you.
The black bear claws you but does no damage.
The black bear barely misses you.
Fire: 54 bolts
Press: ? - help, Q - select action, (/) - cycle Shift-Dir - straight line, f/p - black bear
Aim: a black bear (heavily wounded, 76% to hit)
You shoot a bolt. The bolt hits the black bear!
You kill the black bear!
Your life force feels restored.
Your Hexes skill increases to level 4!
d - 56 bolts (gained 3)
You see here a black bear corpse.
You start resting.
HP restored.
There is a stone staircase leading up here.
You climb upwards.
A goblin and a hobgoblin come into view.
The goblin is wielding a +0 club and carrying a wand of mindburst (17).
Found 14 gold pieces.
There is a stone staircase leading down here.
You feel a sense of dread.
b - a +0 vampiric dagger (weapon)
The goblin shouts!
The hobgoblin shouts!
The goblin zaps a wand.
Your mind is blasted!
Ouch! That really hurt!
* * * LOW HITPOINT WARNING * * *
The hobgoblin misses you. The goblin barely misses you.
You feel better. The hobgoblin barely misses you.
The goblin zaps a wand.
Your mind is blasted!
* * * LOW HITPOINT WARNING * * *
You feel better. The hobgoblin misses you. The goblin hits you with a +0 club.
* * * LOW HITPOINT WARNING * * *
You feel better. The hobgoblin closely misses you.
The goblin zaps a wand.
Your mind is blasted!
Ouch! That really hurt!
You die...

,,,,,* *,,,* ** *,,,** **,,**
**, ***** *,,,* *,, **,,** **,,
*,,,* *,,, **,,** *,,, ***
#####.,,*** **,, *,**
**#####.....,,,,** **,,
**,*******,...g@>....,,,,,***,,,
*,**,,,,,,.#.g..$...,,,,,,,,,,,
*,,,,,****#.........,,,***,,,*,
*,***** *..........,,,* **,,**
*** **..........,,,* **,**
**,,,,,,,,,,,,*** *,,*
*,,,,,,,,,,,,** **,*
*,,,,,,,,,,*** *,, **,,,,,,,***
**,


You could see a hobgoblin and a goblin.

Vanquished Creatures
  Purgy (Sewer)
  A black bear (D:5)
  A necrophage (D:4)
  Jessica (D:3)
  An iguana (D:3)
  A scorpion zombie (D:3)
  3 adders
  5 worms
  2 dart slugs
  An orc (D:4)
  9 ball pythons
  5 endoplasms
  5 giant cockroaches
  8 goblins
  9 hobgoblins
  5 jackals
  3 quokkas
  7 bats
  3 frilled lizards
  10 kobolds
  9 rats
90 creatures vanquished.

Vanquished Creatures (collateral kills)
  An adder (D:4)
  An endoplasm (D:4)
  A giant cockroach (D:4)
  A rat (D:4)
4 creatures vanquished.

Vanquished Creatures (others)
  9 plants (D:3)
9 creatures vanquished.

Grand Total: 103 creatures vanquished

Notes
Turn   | Place    | Note
-------+----------+-------------------------------------------
     0 | D:1      | Glokmah the Kobold Arcane Marksman began the quest for the
                  | Orb.
     0 | D:1      | Reached XP level 1. HP: 12/12 MP: 2/2
   126 | D:1      | Reached skill level 3 in Crossbows
   126 | D:1      | Reached XP level 2. HP: 16/16 MP: 3/3
   504 | D:1      | Reached XP level 3. HP: 21/21 MP: 4/4
   523 | D:1      | Reached skill level 1 in Short Blades
  1547 | D:2      | Found a glowing golden altar of the Shining One.
  1811 | D:2      | Reached XP level 4. HP: 12/26 MP: 2/5
  2066 | D:2      | Found a faded altar of an unknown god.
  2369 | D:3      | Noticed Jessica
  2373 | D:3      | Killed Jessica
  2374 | D:3      | Reached skill level 4 in Crossbows
  2784 | D:3      | Learned a level 3 spell: Inner Flame
  2798 | D:3      | Reached XP level 5. HP: 22/31 MP: 6/6
  4255 | D:4      | Found a glowing drain.
  4286 | D:4      | Reached XP level 6. HP: 31/36 MP: 7/7
  4399 | Sewer    | Entered a sewer
  4600 | Sewer    | Noticed Purgy
  4780 | Sewer    | Killed Purgy
  4781 | Sewer    | Reached skill level 5 in Crossbows
  4781 | Sewer    | Reached skill level 1 in Fire Magic
  4980 | D:4      | Identified a scroll of acquirement
  4980 | D:4      | Acquired a +0 pair of gloves of strength
  5143 | D:4      | Noticed a necrophage
  5347 | D:4      | Killed a necrophage
  5348 | D:4      | Reached XP level 7. HP: 13/39 MP: 8/8
  5584 | D:4      | You fall into a shaft and drop 1 floor!
  5584 | D:5      | Entered Level 5 of the Dungeon
  5684 | D:4      | HP: 2/41 [disintegration (20)]
  5686 | D:4      | Blown up by a goblin

Illustrated notes

Levels and vault maps discovered:
D:1:      roderic_dead_forest, layout_basic
D:2:      layout_rooms, basic_ecumenical_altar, basic_altar, st_stairs_9,
          kennysheep_crisscross, minmay_octomino_j4
D:3:      minmay_recursive_quarters, layout_basic, grunt_ministairs_1,
          minmay_crystal_room, serial_bayou_ford_a,
          kennysheep_decorative_pillar, uniq_jessica
D:4:      layout_cave_pods, lemuel_round_altar, portal_sewer_entry_c
D:5:      layout_gridville, general_overflow_altar, uniq_crazy_yiuf_cottage,
          uniq_duvessa, uniq_blork_the_orc

Skill      XL: |  1  2  3  4  5  6  7 |
---------------+----------------------+-----
Crossbows      | 3 4 5 |  5.4
Short Blades   | 1 3 4 |  4.6
Fighting       | 2 3 |  3.2
Fire Magic     | 1 |  1.7
Hexes          | 4 |  4.0
Dodging        | |  2.4
Spellcasting   | |  1.1

Action                   |  1- 3 |  4- 6 |  7- 9 || total
-------------------------+-------+-------+-------++-------
Melee: Dagger            |    67 |   293 |    11 ||   371
       Whip              |    56 |    45 |       ||   101
 Fire: Hand crossbow     |    21 |    11 |     3 ||    35
 Cast: Corona            |     2 |       |       ||     2
       Inner Flame       |       |     1 |       ||     1
  Use: Scroll            |     5 |     6 |       ||    11
       Potion            |     1 |     1 |     3 ||     5
 Stab: Sleeping          |     7 |    11 |     1 ||    19
       Distracted        |       |     1 |       ||     1
Armor: Leather armour    |    17 |    59 |     4 ||    80
Dodge: Dodged            |   100 |   229 |    21 ||   350

Table legend: (Time is in decaauts)
 A = Elapsed time spent in this place.
 B = Non-inter-level travel time spent in this place.
 C = Inter-level travel time spent in this place.
 D = Time resting spent in this place.
 E = Time spent auto-exploring this place.
 F = Levels seen in this place.
 G = Mean time per level.
                   A        B        C        D        E       F      G
               +--------+--------+--------+--------+--------+-----+--------+
         Total |   5654 |   5396 |    258 |   1617 |   2064 |   6 |  942.3 |
       Dungeon |   5102 |   4844 |    258 |   1279 |   2064 |   5 | 1020.4 |
         Sewer |    551 |    551 |      0 |    338 |      0 |   1 |  551.0 |
               +--------+--------+--------+--------+--------+-----+--------+

Top non-repeatable levels by time:
     D:3: 1533 daAuts
     D:2: 1453 daAuts
     D:1: 1159 daAuts
     D:4: 860 daAuts
   Sewer: 551 daAuts
     D:5: 96 daAuts
